 Dungeon Crawl Stone Soup version 0.20.1-1-g8b1a95d (webtiles) character file.

38 Jazqa the Sneak (level 3, -2/18 HPs)
             Began as a Spriggan Assassin on Oct 28, 2017.
             Slain by a hobgoblin
             ... wielding a +0 club
              (3 damage)
             ... on level 2 of the Dungeon.
             The game lasted 00:03:08 (1069 turns).

Jazqa the Sneak (Spriggan Assassin)                 Turns: 1069, Time: 00:03:09

Health: -2/18      AC:  3    Str:  7    XL:     3   Next: 25%
Magic:  4/4        EV: 18    Int: 12    God:
Gold:   55         SH:  0    Dex: 18    Spells: 2/2 levels left

rFire    . . .     SeeInvis +   a - +2 dagger
rCold    . . .     Gourm    .   (shield restricted)
rNeg     . . .     Faith    .   c - +0 robe
rPois    .         Spirit   .   (helmet restricted)
rElec    .         Reflect  .   d - +0 cloak
rCorr    .         Harm     .   (gloves unavailable)
MR       .....                  (boots unavailable)
Stlth    ++++......             h - amulet of magic regeneration
Regen    0.1/turn               (no ring)
MPRegen  0.2/turn               (no ring)

@: very quick
A: unfitting armour, see invisible, herbivore 3, speed 3, slow metabolism 2
a: no special abilities


You were on level 2 of the Dungeon.
You were not hungry.

You visited 1 branch of the dungeon, and saw 2 of its levels.

You collected 55 gold pieces.


Innate Abilities, Weirdness & Mutations

You are very small and have problems with some larger weapons.
You are too small for most types of armour.
You have supernaturally acute eyesight. (SInv)
You are a herbivore.
You cover ground extremely quickly.
You need consume almost no food.


   Skills:
 + Level 1.9 Fighting
 + Level 2.9 Short Blades
 - Level 2.0 Throwing
 + Level 2.4 Dodging
 + Level 6.4 Stealth


You had 2 spell levels left.
You didn't know any spells.

Inventory:

Hand Weapons
 a - a +2 dagger (weapon)
 b - a +0 blowgun {@w1}
Missiles
 e - 5 poisoned needles
 f - 2 curare-tipped needles {=f}
Armour
 c - a +0 robe (worn)
 d - a +0 cloak (worn)
Jewellery
 h - an amulet of magic regeneration (around neck)
 k - an uncursed amulet of the gourmand {unknown}
Scrolls
 i - a scroll of amnesia {unknown}
 m - a scroll of remove curse {unknown}
Potions
 j - a potion of curing {unknown}
 l - a potion of resistance {unknown}
Comestibles
 g - 2 bread rations {@e1}

Dungeon Overview and Level Annotations

Branches:
Dungeon (2/15)

Altars:
The Shining One

....##...####.##...#....##.#,*,,,
#.#.##...#....†.....%)#.##.#,*,**
#.#..#...#.###.....##.#.##.#.#,*
#.##.#####,........K...K.....#,*
#.#*.#* **#######.##.###.####,*
#.#*..* #.##.#.....**,* #.#*#.#*
###K##....##.#*,* #.# *..*
#.g..$##.#**.#*,* ..# **,***
#@....+..# *,#*,* ### *,,,,*
#...^.#### *,**,* *,,,,* #.....#
*,,,,* *,,,,* #.....# ******
*,,,,* ###+### *,,,,** *,*
*,,,,,* *,* *****,* *,***** *,**
*,,,,,*


You could see a hobgoblin and a kobold.


Message History

You hit the hobgoblin.
You kill the hobgoblin!
You see here 24 sling bullets.
You barely miss the goblin. The goblin closely misses you.
You hit the goblin.
You kill the goblin!
The kobold barely misses you.
You barely miss the kobold.
The kobold hits you with a short sword of flaming!
* * * LOW HITPOINT WARNING * * *
The kobold burns you.
* * * LOW HITPOINT WARNING * * *
You barely miss the kobold. The kobold completely misses you.
Unknown command.
You open the door.
Found a stone staircase leading down.
There is an open door here.
Found 15 gold pieces.
The hobgoblin hits you but does no damage.
You closely miss the hobgoblin. The hobgoblin hits you with a club.
* * * LOW HITPOINT WARNING * * *
You open the door. The hobgoblin hits you with a club.
* * * LOW HITPOINT WARNING * * *
Found a lumpy filigree amulet.
There is an open door here.
Okay, then.
You see here a lumpy filigree amulet.
k - a lumpy filigree amulet The hobgoblin hits you with a club.
You die...

Skill      XL: |  1 |
---------------+----+-----
Stealth        | 6 |  6.4
Dodging        | 2 |  2.4
Fighting       | |  1.9
Short Blades   | |  2.9
Throwing       | |  2.0

Action                   || total
-------------------------++-------
Melee: Dagger            ||   100
 Fire: Blowgun           ||     4
  Use: Scroll            ||     1
 Stab: Sleeping          ||    14
Armor: Robe              ||    13
Dodge: Dodged            ||    85

Vault maps used:
D:1:      arrival_aquarium_a
D:2:      nicolae_overflow_crystal_walls, lemuel_doored_altar, st_stairs_11,
          minmay_domino_4

Notes
Turn   | Place    | Note
-------+----------+-------------------------------------------
     0 | D:1      | Jazqa the Spriggan Assassin began the quest for the Orb.
     0 | D:1      | Reached XP level 1. HP: 10/10 MP: 2/2
     1 | D:1      | Noticed an electric eel
   102 | D:1      | Reached skill level 6 in Stealth
   222 | D:1      | Reached skill level 2 in Dodging
   222 | D:1      | Reached XP level 2. HP: 7/15 MP: 3/3
   685 | D:1      | Reached XP level 3. HP: 18/18 MP: 4/4
   817 | D:2      | Found a glowing golden altar of the Shining One.
  1063 | D:2      | HP: 1/18 [hobgoblin/club (2)]
  1069 | D:2      | Slain by a hobgoblin

Vanquished Creatures
  2 dart slugs (D:1)
  A ball python (D:1)
  5 giant cockroaches
  3 goblins
  6 hobgoblins
  6 bats
  4 frilled lizards (D:1)
  3 kobolds
  2 rats (D:1)
32 creatures vanquished.
